 Dungeon Crawl Stone Soup version 0.31-a0-640-g39d97e502b (webtiles) character file.

Game seed: 10585743149610918805

315 qw the Shooter (level 6, -3/38 HPs)
             Began as a Gargoyle Hunter on Aug 27, 2023.
             Slain by Edmund
             ... wielding a +4 heavy flail
              (5 damage)
             ... on level 4 of the Dungeon.
             The game lasted 00:01:07 (2536 turns).

qw the Shooter (Gargoyle Hunter)                    Turns: 2536, Time: 00:01:07

Health: -3/38      AC:  8    Str: 15    XL:     6   Next: 43%
Magic:  6/6        EV: 12    Int:  9    God:
Gold:   177        SH:  0    Dex: 15    Spells: 5/5 levels left

rFire   + . .        Y - +3 shortbow (flame)
rCold   + . .        (shield currently unavailable)
rNeg    + . .        h - +0 robe {rC+ rF+}
rPois   inf          (no helmet)
rElec   +            (no cloak)
rCorr   .            f - +0 pair of gloves
SInv    .            i - +0 pair of boots
Will    .....        j - amulet of the acrobat
Stlth   ++           (no ring)
HPRegen 0.26/turn    (no ring)
MPRegen 0.10/turn

%: acrobat
@: no status effects
A: sickness immunity, AC +4, negative energy resistance 1, electricity
resistance, torment resistance 1, petrification resistance
a: no special abilities


You were on level 4 of the Dungeon.
You visited 1 branch of the dungeon, and saw 4 of its levels.

You collected 177 gold pieces.


Innate Abilities, Weirdness & Mutations

You are immune to sickness and miasma.
Your stone body is resilient. (AC +4)
You are immune to poison.
You resist negative energy. (rN+)
You are resistant to electric shocks. (rElec)
You are resistant to unholy torment.
You are immune to petrification.


   Skills:
 - Level 4.2 Fighting
 + Level 6.5 Ranged Weapons
 - Level 1.3 Armour
 - Level 1.5 Dodging
 - Level 1.1 Stealth


You had 5 spell levels left.
You didn't know any spells.
Your spell library was empty.

Inventory:

Hand Weapons
 Y - a +3 shortbow of flaming (weapon)
Armour
 a - a +0 ring mail
 f - a +0 pair of gloves (worn)
 h - a +0 robe of resistance (worn)
 i - a +0 pair of boots (worn)
Jewellery
 j - an amulet of the acrobat (around neck)
Scrolls
 b - a scroll of identify
 c - a scroll of immolation {unknown}
Potions
 g - a potion of degeneration {unknown}

Dungeon Overview and Level Annotations

Branches:
Dungeon (4/15)
 Temple: D:4-7

Altars:

Annotations:
D:4 Edmund


Message History

You now have 177 gold pieces (gained 4).
An endoplasm comes into view.
You shoot an arrow. The arrow hits the endoplasm!
The arrow burns the endoplasm.
You kill the endoplasm!
Edmund the Younger comes into view.
He is wielding a +4 heavy flail and wearing a +3 scale mail of positive energy.
Edmund shouts!
You shoot an arrow.
The arrow hits Edmund but does no damage.
You shoot an arrow.
The arrow hits Edmund but does no damage.
You shoot an arrow. The arrow closely misses Edmund.
You shoot an arrow.
The arrow hits Edmund but does no damage.
You shoot an arrow. The arrow hits Edmund!
The arrow burns Edmund.
Edmund is moderately wounded.
Edmund hits you with a +4 heavy flail.
You shoot an arrow. The arrow hits Edmund.
The arrow burns Edmund.
Edmund is heavily wounded.
You shoot an arrow.
The arrow hits Edmund but does no damage.
Edmund is heavily wounded.
Edmund barely misses you.
You shoot an arrow.
The arrow hits Edmund but does no damage.
Edmund is heavily wounded.
Edmund hits you with a +4 heavy flail!
You shoot an arrow. The arrow closely misses Edmund.
Edmund closely misses you.
You shoot an arrow.
The arrow hits Edmund but does no damage.
Edmund is heavily wounded.
You shoot an arrow. The arrow hits Edmund!
The arrow burns Edmund.
Edmund is severely wounded.
Edmund hits you with a +4 heavy flail!!
Ouch! That really hurt!
You shoot an arrow. The arrow hits Edmund.
The arrow burns Edmund.
Edmund is almost dead.
Edmund hits you with a +4 heavy flail.
You die...
Edmund whines, "They better pay attention to me now!"

#.......##.#......%.
#.......##.#........
#.......##)#........
#........)%.........
#.......###.........
#.......# #.........
#.......# #.........
###.....# ##.##.###.
#@.#..# #.. ...
#.@.#...# ####.##.
....:.#....
#.............
#.......##..##
###.....# .. ##.....
# #.....#


You could see Edmund.

Vanquished Creatures
  3 orc priests
  Natasha (D:4)
  2 orc wizards (D:4)
  3 gnolls (D:2)
  6 adders
  An ufetubus (D:4)
  A worm (D:2)
  A dart slug (D:4)
  3 orcs
  3 bats (D:2)
  7 endoplasms
  3 giant cockroaches
  6 hobgoblins
  6 jackals
  7 kobolds
  2 quokkas (D:1)
  7 ball pythons
  A frilled lizard (D:1)
  8 goblins
  5 rats
76 creatures vanquished.

Notes
Turn   | Place    | Note
-------+----------+-------------------------------------------
     0 | D:1      | qw the Gargoyle Hunter began the quest for the Orb.
     0 | D:1      | Reached XP level 1. HP: 12/12 MP: 1/1
     0 | D:1      | 0 ||| qw: Version: 0.3-a-74-g56b0e0c
     0 | D:1      | 0 ||| qw: Game counter: 5
     0 | D:1      | 0 ||| qw: Melee chars always use a shield: true
     0 | D:1      | 0 ||| qw: God list: Okawaru
     0 | D:1      | 0 ||| qw: Allow faded altars: false
     0 | D:1      | 0 ||| qw: Do Orc after clearing Dungeon:15 true
     0 | D:1      | 0 ||| qw: Do second Lair branch before Depths: true
     0 | D:1      | 0 ||| qw: Lair rune preference: random
     0 | D:1      | 0 ||| qw: Goals: Normal
     0 | D:1      | 0 ||| PLANNING D:1-11
   116 | D:1      | Reached XP level 2. HP: 11/17 MP: 2/2
   567 | D:1      | 567 ||| UPGRADING to +0 pair of gloves.
   572 | D:1      | 572 ||| UPGRADING to +0 pair of boots.
   577 | D:1      | 577 ||| UPGRADING to amulet of the acrobat.
   582 | D:1      | 582 ||| READING scroll labelled ZULU ATREVADO.
   586 | D:1      | 586 ||| READING scroll labelled VUW XYOWNOUR.
   587 | D:1      | 587 ||| READING scroll labelled LAUNIC VIWORO.
   588 | D:1      | 588 ||| READING scroll labelled NAWOKU TUXZEZY.
   589 | D:1      | 589 ||| DROPPING scroll of butterflies.
   641 | D:2      | Reached XP level 3. HP: 21/21 MP: 3/3
   647 | D:2      | Reached skill level 5 in Ranged Weapons
   807 | D:2      | Reached skill level 3 in Fighting
  1083 | D:2      | Reached skill level 1 in Armour
  1083 | D:2      | Reached XP level 4. HP: 28/28 MP: 4/4
  1169 | D:2      | HP: 6/28 [gnoll/+0 halberd (10)]
  1171 | D:2      | 1171 ||| FLEEEEING.
  1174 | D:2      | HP: 5/28 [gnoll/+0 club (3)]
  1385 | D:2      | 1385 ||| FLEEEEING.
  1389 | D:2      | 1389 ||| FLEEEEING.
  1391 | D:2      | 1391 ||| FLEEEEING.
  1392 | D:2      | 1392 ||| FLEEEEING.
  1393 | D:2      | 1393 ||| FLEEEEING.
  1394 | D:2      | 1394 ||| FLEEEEING.
  1395 | D:2      | 1395 ||| FLEEEEING.
  1396 | D:2      | 1396 ||| FLEEEEING.
  1397 | D:2      | 1397 ||| FLEEEEING.
  1398 | D:2      | 1398 ||| FLEEEEING.
  1399 | D:2      | 1399 ||| FLEEEEING.
  1400 | D:2      | 1400 ||| FLEEEEING.
  1579 | D:2      | 1579 ||| UPGRADING to +0 ring mail.
  1589 | D:2      | 1589 ||| DROPPING +0 leather armour.
  1590 | D:2      | 1590 ||| READING scroll labelled XOMO ONKOECE.
  1591 | D:2      | 1591 ||| READING 2 scrolls labelled OTWAPECSAIGE.
  1592 | D:2      | 1592 ||| READING scroll of enchant weapon.
  1592 | D:2      | 1592 ||| ENCHANTING +1 shortbow of flaming.
  1698 | D:3      | Reached XP level 5. HP: 32/32 MP: 5/5
  1748 | D:3      | HP: 4/32 [orc priest/divine providence (12)]
  1751 | D:3      | Reached skill level 6 in Ranged Weapons
  1869 | D:3      | 1869 ||| READING scroll of enchant weapon.
  1869 | D:3      | 1869 ||| ENCHANTING +2 shortbow of flaming.
  2307 | D:3      | 2307 ||| UPGRADING to +0 robe of resistance.
  2317 | D:3      | 2317 ||| READING scroll labelled MAORAUQEWNELL.
  2318 | D:3      | 2318 ||| READING scroll labelled ANI QIATYOSINY.
  2319 | D:3      | 2319 ||| READING 2 scrolls of identify.
  2319 | D:3      | 2319 ||| IDENTIFYING murky white potion
  2320 | D:3      | 2320 ||| DROPPING potion of ambrosia.
  2341 | D:4      | Noticed Natasha
  2344 | D:4      | Killed Natasha
  2345 | D:4      | Reached XP level 6. HP: 38/38 MP: 6/6
  2357 | D:4      | 2357 ||| Stepping ~*~*~tactically~*~*~ (retreating).
  2364 | D:4      | 2364 ||| Stepping ~*~*~tactically~*~*~ (outnumbered).
  2383 | D:4      | HP: 9/38 [orc priest/+0 mace (7)]
  2524 | D:4      | Noticed Edmund
  2535 | D:4      | HP: 2/38 [Edmund/+4 heavy flail (19)]
  2536 | D:4      | Slain by Edmund

Levels and vault maps discovered:
D:1:      matt_arrival_spirals, layout_rooms
D:2:      layout_basic, minmay_pentomino_u2
D:3:      layout_basic
D:4:      layout_rooms, goddamned_bats, uniq_natasha, uniq_eustachio,
          uniq_edmund

Skill      XL: |  1  2  3  4  5 |
---------------+----------------+-----
Ranged Weapons | 5 6 |  6.5
Fighting       | 3 4 |  4.2
Armour         | 1 |  1.3
Dodging        | |  1.5
Stealth        | |  1.1

Action                     |  1- 3 |  4- 6 || total
---------------------------+-------+-------++-------
   Fire: Shortbow          |   166 |   103 ||   269
    Use: Scroll            |     4 |     7 ||    11
 Armour: Leather armour    |    36 |     4 ||    40
         Ring mail         |       |     3 ||     3
         Robe              |       |     8 ||     8
  Dodge: Dodged            |    56 |    33 ||    89

Table legend:
 A = Non-vault XP
 B = Vault XP
 C = Vault XP percentage of total XP
 D = Non-vault monster count
 E = Vault monster count
 F = Vault count percentage of total count
                 A         B        C        D         E       F
            +---------+---------+-------+---------+---------+-------
      Total |     412 |      38 |   8.4 |      73 |       3 |   3.9
            +---------+---------+-------+---------+---------+-------
        D:1 |      29 |       0 |   0.0 |      17 |       0 |   0.0
        D:2 |     109 |       3 |   2.7 |      28 |       2 |   6.7
        D:3 |     145 |       0 |   0.0 |      18 |       0 |   0.0
        D:4 |     129 |      35 |  21.3 |      10 |       1 |   9.1
            +---------+---------+-------+---------+---------+-------
